AoeStats
← One Bad Koala

Arena

510153788Analyzed
1v1 RM · 2d ago on Sep 29, 2026· 53m 48s· 2 players
Game mode
Random Map
Map size
Tiny (2 player)
Population
200
Speed
Normal
Resources
Standard
Victory
Conquest
Starting age
Dark Age
Ending age
Imperial Age
RankedLock teamsTeams togetherTeam positionsShared explorationLock speedFull tech treeHidden civsTurbo modeCheats
Victory
Defeat
🇺🇸 Muisca · United States
1044
+16
🇩🇪 Persians · Germany
1053
-16
One Bad Koala
9:48 Feudal Age
8:43 Loom
10:50 Loom
14:09 Castle Age
13:05 Double-Bit Axe
13:43 Horse Collar
24:58 Imperial Age
23:16 Bow Saw
24:09 Fletching
25:28 Sanctity
27:21 Illumination
29:00 Bodkin Arrow
29:56 Bracer
32:30 Heavy Plow
34:13 Block Printing
34:03 Atonement
34:49 Scale Mail Armor
35:00 Forging
34:50 Padded Archer Armor
36:52 Chain Mail Armor
37:13 Iron Casting
40:17 Town Watch
41:08 Wheelbarrow
42:29 Murder Holes
43:36 Chemistry
47:42 Ballistics
47:29 Siege Engineers
47:34 Masonry
49:17 Plate Mail Armor
49:03 Leather Archer Armor
48:11 Elite Temple Guard
48:53 Squires
50:17 Town Patrol
50:33 Hand Cart
dom
11:01 Feudal Age
14:51 Castle Age
12:43 Double-Bit Axe
13:21 Horse Collar
14:16 Stone Mining
15:37 Heavy Plow
16:14 Loom
21:57 Bow Saw
23:57 Wheelbarrow
23:39 Gold Mining
28:24 Masonry
28:45 Hand Cart
28:50 Kamandaran
31:47 Imperial Age
29:32 Fletching
30:49 Crossbowman
31:51 Bodkin Arrow
31:26 Onager
33:52 Two-Man Saw
33:10 Cavalier
33:52 Husbandry
34:02 Bloodlines
35:22 Ballistics
36:55 Savar
37:55 Scale Barding Armor
38:31 Forging
39:09 Chain Barding Armor
40:02 Iron Casting
39:51 Padded Archer Armor
39:59 Town Watch
41:01 Plate Barding Armor
41:22 Thumb Ring
45:24 Crop Rotation
46:32 Leather Archer Armor
48:43 Kamandaran
51:27 Blast Furnace
Connection lost

Rejoining the realm…

Still unreachable

The connection could not be restored.

Session expired

The server has moved on; the page needs a fresh start.